 Dungeon Crawl Stone Soup version 0.30-a0-528-g8c47a4955b (webtiles) character file.

Game seed: 14396433426125222542

165 xzight the Magician (level 5, 0/28 HPs)
             Began as a Deep Elf Fire Elementalist on Dec 23, 2022.
             Killed from afar by Ijyb (16 damage)
             ... with a bolt of dispelling energy
             ... on level 3 of the Dungeon.
             The game lasted 00:04:40 (3458 turns).

xzight the Magician (Deep Elf Fire Elementalist)    Turns: 3458, Time: 00:04:41

Health: 0/28       AC:  2    Str:  5    XL:     5   Next: 22%
Magic:  10/14      EV: 12    Int: 22    God:
Gold:   147        SH:  0    Dex: 15    Spells: 10/13 levels left

rFire   + . .      SeeInvis .    t - staff of fire {!a}
rCold   . . .      Faith    .    (no shield)
rNeg    . . .      Spirit   .    a - +0 robe
rPois   .          Reflect  .    (no helmet)
rElec   .          Harm     .    (no cloak)
rCorr   .          Rampage  .    (no gloves)
Will    .....                    (no boots)
Stlth   ++                       m - amulet of magic regeneration
HPRegen 0.24/turn                (no ring)
MPRegen 0.54/turn                (no ring)

@: no status effects
A: no striking features
a: no special abilities


You were on level 3 of the Dungeon.
You visited 1 branch of the dungeon, and saw 3 of its levels.

You collected 147 gold pieces.


   Skills:
 - Level 2.4 Dodging
 - Level 2.4 Stealth
 + Level 4.9 Spellcasting
 + Level 3.2 Conjurations
 + Level 4.6 Fire Magic


You had 10 spell levels left.
You knew the following spells:

 Your Spells              Type           Power      Damage    Failure   Level
a - Foxfire               Conj/Fire      100%       2x1d9     1%          1
b - Scorch                Fire           76%        2d9       2%          2

Your spell library contained the following spells:

 Spells                   Type           Power      Damage    Failure   Level
 Momentum Strike          Conj/Tloc      24%        3d8       8%          2
 Inner Flame              Hex/Fire       23%        N/A       12%         3
 Blink                    Tloc           10%        N/A       16%         2
 Dazzling Flash           Conj/Hex       24%        N/A       16%         3
 Kindle Blastsparks       Fire/Tloc/Air  36%        2d13      16%         3
 Flame Wave               Conj/Fire      34%        2d10      21%         4
 Lesser Beckoning         Tloc           10%        N/A       30%         3
 Animate Dead             Necr           5%         N/A       71%         4
 Agony                    Necr           5%         N/A       96%         5
 Silence                  Hex/Air        2%         N/A       96%         5
 Haunt                    Necr/Summ      2%         N/A       100%        7
 Infestation              Necr           2%         N/A       100%        8

Inventory:

Hand Weapons
 s - a +0 short sword of electrocution
Armour
 a - a +0 robe (worn)
Magical Staves
 t - a staff of fire (weapon) {!a}
Jewellery
 m - an amulet of magic regeneration (around neck)
Scrolls
 c - a scroll of enchant armour {unknown}
 g - a scroll of vulnerability {unknown}
 k - 5 scrolls of identify {unknown}
 n - a scroll of magic mapping {unknown}
 o - a scroll of amnesia {unknown}
 u - a scroll of blinking {unknown}
 v - a scroll of fog {unknown}
Potions
 b - 2 potions of magic
 d - 3 potions of curing {@q1}
 e - a potion of ambrosia {unknown}
 h - 2 potions of lignification {unknown}
 i - 2 potions of haste {unknown}
 j - a potion of mutation {unknown}
 l - a potion of flight {unknown}
 p - a potion of resistance
 r - a potion of attraction {unknown}

Dungeon Overview and Level Annotations

Branches:
Dungeon (3/15)

Altars:

Annotations:
D:3 Ijyb

..##........##
#............##
#..##.........##
#.###..........# #
#.###..........# .#
....#..........# ##.#
#.#.#..........###...##
..#.#.................##
..#...........##@..)...#
..###...................#
.## #...........g.......#
.## #.............<.)...#
(.# #..>................#
..# #...................#
#.# ##........##......?##
#.# ##.......# .........
#.###..###.##.


You could see Ijyb (resistant).


Message History

Confirm with . or Enter, or press ? or * to list all spells.
You can't see any susceptible monsters within range! (Use Z to cast anyway.)
Casting: Foxfire (safe; 1% risk of failure)
Confirm with . or Enter, or press ? or * to list all spells.
You feel a surge of power!
You conjure some foxfire!
The foxfire hits Ijyb but does no damage.
Ijyb is moderately wounded.
Ijyb zaps a wand.
The bolt of dispelling energy hits you!
Ouch! That really hurt!
* * * LOW HITPOINT WARNING * * *
The bolt of dispelling energy hits your foxfire!
Unknown command.
As you read the scroll labelled ASEMEL XERGH, it crumbles to dust.
You assume a fearsome visage.
Ijyb looks frightened!
It was a scroll of fear.
The foxfire hits Ijyb but does no damage.
Ijyb is moderately wounded.
Your attack snaps Ijyb out of her fear.
The foxfire hits Ijyb but does no damage.
Ijyb is moderately wounded.
The foxfire hits Ijyb but does no damage.
Ijyb is moderately wounded.
As you read the scroll labelled ATIUWNU TEDOJA, it crumbles to dust.
You feel strangely unstable.
It was a scroll of teleportation.
It was a potion of curing.
You feel better.
You feel better.
Ijyb zaps a wand.
The bolt of dispelling energy hits you!
You feel strangely stable.
Ouch! That really hurt!
You die...

Skill      XL: |  1  2  3  4 |
---------------+-------------+-----
Conjurations   | 2 3 |  3.2
Spellcasting   | 4 |  4.9
Fire Magic     | 4 |  4.6
Dodging        | |  2.4
Stealth        | |  2.4

Action                   |  1- 3 |  4- 6 || total
-------------------------+-------+-------++-------
 Cast: Foxfire           |    79 |    63 ||   142
       Scorch            |    22 |     6 ||    28
  Use: Scroll            |       |     2 ||     2
       Potion            |       |     2 ||     2
Dodge: Dodged            |     3 |     1 ||     4

Levels and vault maps discovered:
D:1:      lightli_arrival_flooded_house, layout_loops_corners,
          serial_co_window_serial, co_window_corner_a, co_window_corner_a,
          co_window_paths_b, co_window_corner_a, co_window_corner_a,
          co_window_of_opportunity_a, co_window_paths_a, co_window_cross_3,
          co_window_unsneaky_path_a, co_window_of_opportunity_c,
          co_window_broadway_a, co_window_4corner_a, co_window_paths_e,
          glass_columns_a, glass_columns_a, glass_columns_a, glass_columns_a,
          glass_columns_a
D:2:      layout_loops_cross, serial_forest, infiniplex_forest_clump_tiny,
          infiniplex_forest_end_2, infiniplex_forest_end_1,
          infiniplex_forest_clump_double, infiniplex_forest_clump_small,
          infiniplex_forest_lined_3_way, infiniplex_forest_end_1,
          minmay_splitting_lines, uniq_jessica, uniq_terence
D:3:      layout_rooms, uniq_ijyb

Notes
Turn   | Place    | Note
-------+----------+-------------------------------------------
     0 | D:1      | xzight the Deep Elf Fire Elementalist began the quest for
                  | the Orb.
     0 | D:1      | Reached XP level 1. HP: 10/10 MP: 6/6
   572 | D:1      | Reached XP level 2. HP: 15/15 MP: 6/8
   575 | D:1      | Learned a level 2 spell: Scorch
  1815 | D:2      | Reached skill level 2 in Conjurations
  1891 | D:2      | Reached XP level 3. HP: 19/19 MP: 5/10
  2222 | D:2      | Reached skill level 4 in Spellcasting
  2264 | D:2      | Reached skill level 4 in Fire Magic
  2462 | D:2      | Noticed Jessica
  2522 | D:2      | Killed Jessica
  2523 | D:2      | Reached XP level 4. HP: 24/24 MP: 8/12
  3067 | D:2      | Noticed Terence
  3069 | D:2      | Killed Terence
  3220 | D:3      | Reached skill level 3 in Conjurations
  3447 | D:3      | Reached XP level 5. HP: 28/28 MP: 10/14
  3447 | D:3      | Noticed Ijyb
  3458 | D:3      | Killed from afar by Ijyb

Vanquished Creatures
  Jessica (D:2)
  Terence (D:2)
  4 gnolls (D:3)
  An adder (D:2)
  3 dart slugs
  7 ball pythons
  4 endoplasms
  6 giant cockroaches
  7 goblins
  3 hobgoblins
  3 jackals (D:3)
  4 kobolds
  3 quokkas (D:2)
  3 bats
  A frilled lizard (D:2)
  10 rats
61 creatures vanquished.

Vanquished Creatures (collateral kills)
  10 foxfires (D:2)
10 creatures vanquished.

Vanquished Creatures (others)
  A quokka (D:3)
  203 foxfires
204 creatures vanquished.

Grand Total: 275 creatures vanquished

Table legend: (Time is in decaauts)
 A = Elapsed time spent in this place.
 B = Non-inter-level travel time spent in this place.
 C = Inter-level travel time spent in this place.
 D = Time resting spent in this place.
 E = Time spent auto-exploring this place.
 F = Levels seen in this place.
 G = Mean time per level.
                   A        B        C        D        E       F      G
               +--------+--------+--------+--------+--------+-----+--------+
         Total |   3456 |   3360 |     96 |    133 |   2841 |   3 | 1152.0 |
       Dungeon |   3456 |   3360 |     96 |    133 |   2841 |   3 | 1152.0 |
               +--------+--------+--------+--------+--------+-----+--------+

Top non-repeatable levels by time:
     D:1: 1808 daAuts
     D:2: 1406 daAuts
     D:3: 241 daAuts

Table legend:
 A = Non-vault XP
 B = Vault XP
 C = Vault XP percentage of total XP
 D = Non-vault monster count
 E = Vault monster count
 F = Vault count percentage of total count
                 A         B        C        D         E       F
            +---------+---------+-------+---------+---------+-------
      Total |     164 |      73 |  30.8 |      59 |       2 |   3.3
            +---------+---------+-------+---------+---------+-------
        D:1 |      34 |       0 |   0.0 |      21 |       0 |   0.0
        D:2 |      56 |      73 |  56.6 |      26 |       2 |   7.1
        D:3 |      74 |       0 |   0.0 |      12 |       0 |   0.0
            +---------+---------+-------+---------+---------+-------
